 Dungeon Crawl Stone Soup version 0.22.0-2-ge58baed0e8 (webtiles) character file.

2697 IcyTea the Conjurer (level 9, -5/69 HPs)
             Began as a Purple Draconian Conjurer on Aug 13, 2018.
             Was a Believer of Sif Muna.
             Slain by a wyvern skeleton (8 damage)
             ... on level 8 of the Dungeon.
             The game lasted 00:28:47 (8328 turns).

IcyTea the Conjurer (Purple Draconian Conjurer)     Turns: 8328, Time: 00:28:47

Health: -5/69      AC:  7    Str: 10    XL:     9   Next: 38%
Magic:  26/28      EV: 12    Int: 24    God:    Sif Muna [**....]
Gold:   350        SH:  5    Dex: 11    Spells: 11/22 levels left

rFire    . . .     SeeInvis .   u - +4 long sword
rCold    . . .     Gourm    .   d - +1 buckler
rNeg     . . .     Faith    .   (armour unavailable)
rPois    .         Spirit   .   (helmet restricted)
rElec    .         Reflect  .   (no cloak)
rCorr    .         Harm     .   (no gloves)
MR       +....                  (no boots)
Stlth    ++........             h - amulet of regeneration
HPRegen  0.61/turn              e - +4 ring of intelligence
MPRegen  0.21/turn              B - ring of magical power

@: no status effects
A: breathe power, unfitting armour, cold-blooded, AC +7
a: Breathe Dispelling Energy, Divine Energy, Renounce Religion


You were on level 8 of the Dungeon.
You worshipped Sif Muna.
Sif Muna was pleased with you.
You were not hungry.

You visited 2 branches of the dungeon, and saw 9 of its levels.
You also visited: Ossuary.

You collected 350 gold pieces.

Inventory:

Hand Weapons
 u - a +4 long sword (weapon)
 G - a +0 dagger of venom
 H - a +2 dagger of freezing
Missiles
 J - 2 throwing nets (quivered)
Armour
 d - a +1 buckler (worn)
Jewellery
 e - a +4 ring of intelligence (left hand)
 f - an uncursed ring of fire
 h - an amulet of regeneration (around neck)
 p - a +5 ring of protection
 v - an uncursed ring of protection from magic
 z - an uncursed ring of ice
 B - a ring of magical power (right hand)
 E - a +2 amulet of reflection {unknown}
Wands
 w - a wand of polymorph (26)
 y - a wand of random effects (20)
 I - a wand of flame (20)
Scrolls
 g - 5 scrolls of remove curse
 l - a scroll of fear
 m - 2 scrolls of teleportation
 q - 2 scrolls of immolation
 A - 2 scrolls of vulnerability
 K - a scroll of fog
Potions
 a - a potion of agility {unknown}
 c - 5 potions of curing
 i - 2 potions of flight
 j - a potion of degeneration {unknown}
 k - 2 potions of heal wounds
 n - a potion of haste {unknown}
 o - a potion of resistance {unknown}
 r - a potion of lignification
 s - a potion of cancellation {unknown}
 x - 2 potions of brilliance
 C - a potion of magic {unknown}
 D - a potion of invisibility {unknown}
Comestibles
 b - 11 rations
 t - 5 chunks of flesh


   Skills:
 - Level 3.1 Fighting
 - Level 6.5 Long Blades
 - Level 1.7 Dodging
 - Level 1.7 Stealth
 - Level 4.0 Shields
 + Level 7.1 Spellcasting
 - Level 7.5 Conjurations
 - Level 3.8 Hexes


You had 11 spell levels left.
You knew the following spells:

 Your Spells              Type           Power        Failure   Level  Hunger
a - Magic Dart            Conj           ####         1%          1    None
b - Searing Ray           Conj           #####.       1%          2    None
c - Iskenderun's Mystic   Conj           #####...     3%          4    ###....
d - Fulminant Prism       Conj/Hex       #####.....   7%          4    ###....

Your spell library contained the following spells:

 Spells                   Type           Power        Failure   Level  Hunger
 Dazzling Spray           Conj/Hex       #####.       1%          3    None
 Force Lance              Conj/Tloc      ####....     16%         4    ###....


Dungeon Overview and Level Annotations

Branches:
Dungeon (8/15)             Temple (1/1) D:7
   Lair: D:8-11

Altars:
Ashenzari
Cheibriados
Dithmenos
Elyvilon
Fedhas
Gozag
Hepliaklqana
Kikubaaqudgha
Makhleb
Nemelex Xobeh
Okawaru
Qazlal
Ru
Sif Muna
Trog
Uskayaw
Vehumet
Wu Jian
Xom
Yredelemnul
Zin
The Shining One


Innate Abilities, Weirdness & Mutations

You can breathe bolts of dispelling energy.
Your rich purple scales are hard. (AC +7)
You cannot fit into any form of body armour.
You are cold-blooded and may be slowed by cold attacks.


Message History

The wyvern skeleton bites you!
You slash the wyvern skeleton!
The wyvern skeleton is almost destroyed.
The wyvern skeleton bites you!
* * * LOW HITPOINT WARNING * * *
The wyvern skeleton bites you!
* * * LOW HITPOINT WARNING * * *
You barely miss the wyvern skeleton.
The wyvern skeleton is almost destroyed.
The wyvern skeleton bites you!
* * * LOW HITPOINT WARNING * * *
Casting: Searing Ray (safe; 1% risk of failure)
Confirm with . or Enter, or press ? or * to list all spells.
Aiming: Searing Ray (safe; 1% risk of failure)
Press: ? - help, Shift-Dir - straight line, f - wyvern skeleton
Aim: a wyvern skeleton (almost destroyed)
The searing ray misses the wyvern skeleton. (Press . to maintain the ray.)
The wyvern skeleton bites you!
You die...

################
......Z@.......#
##############.##
#..## #...#
###'### #.....#
#.♣.♣.#####
#.._.†#....
#.♣.♣.#####


You could see a wyvern skeleton.

Vanquished Creatures
  Menkaure (D:5)
  A sky beast (D:6)
  A necrophage (D:5)
  A phantom (D:4)
  4 ogres
  A big kobold (D:7)
  3 bullfrogs
  6 scorpions
  5 wights
  5 howler monkeys (D:7)
  3 crimson imps
  2 bullfrog zombies (D:7)
  2 centaur zombies (Ossuary)
  A jelly (D:6)
  A hound (D:4)
  3 orc priests
  A centaur skeleton (D:4)
  A human zombie (Ossuary)
  6 orc wizards
  2 iguanas
  3 worker ants
  A hound skeleton (D:4)
  3 mummies (Ossuary)
  6 adders
  3 gnolls (D:6)
  5 scorpion zombies (Ossuary)
  A shadow imp (D:6)
  An ooze (D:7)
  An adder skeleton (D:4)
  3 worms
  2 dart slugs
  A leopard gecko (D:7)
  21 orcs
  3 giant cockroaches
  A gnoll zombie (Ossuary)
  12 goblins
  11 hobgoblins
  9 jackals
  3 quokkas
  A ball python (D:3)
  6 bats
  7 frilled lizards
  2 goblin zombies (Ossuary)
  3 hobgoblin zombies (Ossuary)
  13 kobolds
  2 kobold zombies (Ossuary)
  An orc zombie (Ossuary)
  A quokka skeleton (D:4)
  5 rats
181 creatures vanquished.

Notes
Turn   | Place    | Note
-------+----------+-------------------------------------------
     0 | D:1      | IcyTea the Draconian Conjurer began the quest for the Orb.
     0 | D:1      | Reached XP level 1. HP: 14/14 MP: 3/3
   523 | D:1      | Reached XP level 2. HP: 5/20 MP: 0/5
   527 | D:1      | Learned a level 2 spell: Searing Ray
  1508 | D:2      | Reached skill level 1 in Shields
  1580 | D:2      | Found a deep blue altar of Sif Muna.
  1807 | D:2      | Reached XP level 3. HP: 15/26 MP: 0/6
  2605 | D:3      | Reached XP level 4. HP: 33/33 MP: 3/7
  2724 | D:3      | Found a deep blue altar of Sif Muna.
  2816 | D:3      | Became a worshipper of Sif Muna the Loreminder
  3679 | D:4      | Reached XP level 5. HP: 38/38 MP: 2/8
  3850 | D:4      | Learned a level 4 spell: Iskenderun's Mystic Blast
  3897 | D:4      | Found a bloodstained altar of Trog.
  3931 | D:4      | Found a burning altar of Makhleb.
  4033 | D:4      | Reached skill level 5 in Conjurations
  4136 | D:4      | You fall through a shaft for 2 floors!
  4450 | D:6      | Noticed an ogre
  4456 | D:6      | Killed an ogre
  4456 | D:6      | Reached XP level 6. HP: 31/45 MP: 4/9
  4536 | D:6      | Found a snail-covered altar of Cheibriados.
  4624 | D:6      | Noticed a sky beast
  4633 | D:6      | Killed a sky beast
  4633 | D:6      | Reached * piety under Sif Muna
  4744 | D:5      | Entered Level 5 of the Dungeon
  4868 | D:5      | Your scales start taking on a rich purple colour.
  4868 | D:5      | Reached XP level 7. HP: 29/50 MP: 1/10
  5015 | D:5      | Found a sand-covered staircase.
  5027 | Ossuary  | Entered an ossuary
  5465 | Ossuary  | Reached skill level 5 in Spellcasting
  5487 | Ossuary  | Reached skill level 1 in Long Blades
  5639 | D:5      | Reached XP level 8. HP: 52/57 MP: 15/15
  5783 | D:4      | Reached ** piety under Sif Muna
  5799 | D:4      | Found a radiant altar of Vehumet.
  6097 | D:4      | Found a shattered altar of Ashenzari.
  6475 | D:5      | Reached skill level 5 in Long Blades
  6628 | D:5      | Noticed Menkaure
  6632 | D:5      | Killed Menkaure
  6681 | D:5      | Found a sacrificial altar of Ru.
  6747 | D:5      | Learned a level 4 spell: Fulminant Prism
  6782 | D:5      | Reached skill level 1 in Hexes
  6930 | D:5      | Found a radiant altar of Vehumet.
  7484 | D:7      | Reached XP level 9. HP: 62/62 MP: 17/17
  7726 | D:7      | Found a staircase to the Ecumenical Temple.
  7778 | Temple   | Entered the Ecumenical Temple
  7939 | D:7      | Reached skill level 1 in Fighting
  8032 | D:7      | Found a shimmering altar of Xom.
  8035 | D:7      | Found a shimmering altar of Xom.
  8038 | D:7      | Found a shimmering altar of Xom.
  8044 | D:7      | Found a shimmering altar of Xom.
  8044 | D:7      | Found a shimmering altar of Xom.
  8300 | D:8      | Found a blossoming altar of Fedhas.
  8327 | D:8      | HP: 2/69 [wyvern skeleton (9)]
  8328 | D:8      | Slain by a wyvern skeleton

Skill      XL: |  1  2  3  4  5  6  7  8  9 |
---------------+----------------------------+-----
Shields        | 1 2 4 |  4.0
Conjurations   | 6 7 |  7.5
Spellcasting   | 5 7 |  7.1
Long Blades    | 2 6 |  6.5
Hexes          | 3 |  3.8
Fighting       | 3 |  3.1
Dodging        | |  1.7
Stealth        | |  1.7

Action                   |  1- 3 |  4- 6 |  7- 9 || total
-------------------------+-------+-------+-------++-------
Melee: Unarmed           |    47 |       |       ||    47
       Tailslap          |     9 |    14 |    20 ||    43
       Short sword       |    29 |   124 |       ||   153
       Long sword        |       |       |   155 ||   155
 Cast: Magic Dart        |    49 |    30 |    35 ||   114
       Searing Ray       |     5 |    13 |    34 ||    52
       Iskenderun's Myst |       |       |     7 ||     7
  Use: Scroll            |       |     5 |     6 ||    11
       Potion            |       |     2 |     3 ||     5
 Stab: Sleeping          |     2 |     1 |     3 ||     6
  Eat: Chunk             |     6 |     8 |     9 ||    23
       Ration            |       |       |     1 ||     1
Armor: Skin              |    32 |    60 |    50 ||   142
Dodge: Dodged            |    41 |    87 |    86 ||   214
Block: Buckler           |     9 |    32 |    52 ||    93
       Rpst.: Long sword |       |     2 |    23 ||    25
